 Dungeon Crawl Stone Soup version 0.29-a0-887-gcbe080d7e0 (webtiles) character file.

Game seed: 2402990766175257499

51386 inmateoo the Grappler (level 14, -2/113 HPs)
             Began as a Demonspawn Gladiator on July 22, 2022.
             Was the Champion of Cheibriados.
             Slain by a seven-headed hydra (12 damage)
             ... on level 5 of the Lair of Beasts.
             The game lasted 00:23:06 (21523 turns).

inmateoo the Grappler (Demonspawn Gladiator)       Turns: 21523, Time: 00:23:06

Health: -2/113     AC: 18    Str: 34    XL:     14   Next: 23%
Magic:  0/19       EV: 19    Int: 25    God:    Cheibriados [******]
Gold:   1197       SH: 26    Dex: 30    Spells: 19/22 levels left

rFire   . . .      SeeInvis +     - Unarmed
rCold   . . .      Faith    .   w - +0 tower shield "Yraur" {rF+ SInv}
rNeg    . . .      Spirit   +   q - +0 acid dragon scales
rPois   +          Reflect  +   l - +2 hat
rElec   .          Harm     .   s - +0 cloak
rCorr   +          Rampage  .   (gloves unavailable)
Will    ++...                   y - +0 pair of boots
Stlth   +++.......              J - amulet of reflection
HPRegen 0.28/turn               I - ring "Maibo" {rPois rC- Will+ AC+4 Stlth+}
MPRegen 0.32/turn               b - ring of ice

@: studying Fighting, very slow
A: slimy green scales 1, foul stench 1, augmentation 1, magic shield, magic
regeneration, demonic touch 3, low MP 1, inability to read while threatened 1
a: Renounce Religion, Bend Time, Temporal Distortion, Slouch, Step From Time


You were on level 5 of the Lair of Beasts.
You worshipped Cheibriados.
Cheibriados was exalted by your worship.
You visited 2 branches of the dungeon, and saw 18 of its levels.
You also visited: Gauntlet.

You collected 1197 gold pieces.

Inventory:

Missiles
 c - 3 throwing nets (quivered)
 d - 4 javelins
Armour
 l - a +2 hat (worn)
 q - +0 acid dragon scales (worn)
 s - a +0 cloak (worn)
 w - the +0 tower shield "Yraur" (worn) {rF+ SInv}
   (You took it off an orc on level 5 of the Dungeon)

   rF:        It protects you from fire.
   SInv:      It lets you see invisible.
 y - a +0 pair of boots (worn)
Jewellery
 b - a ring of ice (right hand)
 t - the ring "Pugiurad" {rN+ Will+ Int+6}
   (You found it in a Gauntlet)

   [ring of intelligence]

   Int:       It affects your intelligence (+6).
   rN:        It protects you from negative energy.
   Will:      It increases your willpower.
 I - the ring "Maibo" (left hand) {rPois rC- Will+ AC+4 Stlth+}
   (You found it on level 11 of the Dungeon)

   [ring of protection]

   AC:        It affects your AC (+4).
   rC:        It makes you vulnerable to cold.
   rPois:     It protects you from poison.
   Will:      It increases your willpower.
   Stlth:     It makes you more stealthy.
 J - an amulet of reflection (around neck)
Wands
 z - a wand of iceblast (6)
 D - a wand of polymorph (8)
 E - a wand of flame (4)
 K - a wand of mindburst (9)
Scrolls
 e - a scroll of silence
 f - 5 scrolls of enchant weapon
 g - 2 scrolls of identify
 i - 11 scrolls of teleportation
 o - 5 scrolls of amnesia
 r - 2 scrolls of fear
 v - 3 scrolls of blinking
 x - a scroll of fog
 A - 6 scrolls of enchant armour
 G - 2 scrolls of poison
 N - a scroll of summoning
Potions
 a - 2 potions of heal wounds
 h - 6 potions of ambrosia {unknown}
 j - 5 potions of lignification {unknown}
 k - 3 potions of brilliance {unknown}
 m - 2 potions of invisibility
 n - 5 potions of might
 p - a potion of mutation
 u - a potion of berserk rage
 B - a potion of magic
 C - 3 potions of flight
 F - 2 potions of resistance


   Skills:
 * Level 11.0 Fighting
 - Level 1.7 Throwing
 - Level 6.0 Armour
 - Level 10.0 Dodging
 - Level 10.0 Shields
 + Level 11.4 Unarmed Combat
 + Level 4.5 Spellcasting
 + Level 4.4 Transmutations
 - Level 10.0 Invocations
 + Level 4.9 Evocations


You had 19 spell levels left.
You knew the following spells:

 Your Spells              Type           Power      Damage    Failure   Level
a - Beastly Appendage     Tmut           54%        N/A       10%         1
b - Wereblood             Tmut           27%        N/A       16%         2

Your spell library contained the following spells:

 Spells                   Type           Power      Damage    Failure   Level
 Freeze                   Ice            32%        1d5       54%         1
 Spider Form              Tmut/Pois      16%        N/A       58%         3
 Static Discharge         Conj/Air       5%         3-4/arc   67%         2
 Sublimation of Blood     Necr           5%         N/A       67%         2
 Frozen Ramparts          Ice            16%        1d3       88%         3
 Ozocubu's Armour         Ice            8%         N/A       88%         3
 Petrify                  Tmut/Erth      16%        N/A       94%         4
 Animate Dead             Necr           5%         N/A       99%         4
 Dispel Undead            Necr           5%         3d7       99%         4
 Hailstorm                Conj/Ice       8%         3d4       99%         4
 Passage of Golubria      Tloc           5%         N/A       99%         4
 Sticky Flame             Conj/Fire      5%         2d3       99%         4
 Irradiate                Conj/Tmut      8%         3d14      100%        5
 Metabolic Englaciation   Hex/Ice        4%         N/A       100%        5
 Silence                  Hex/Air        2%         N/A       100%        5
 Summon Forest            Summ/Tloc      2%         N/A       100%        5
 Summon Mana Viper        Hex/Summ       5%         N/A       100%        5
 Simulacrum               Ice/Necr       4%         N/A       100%        6
 Summon Cactus Giant      Summ           2%         N/A       100%        6
 Haunt                    Necr/Summ      2%         N/A       100%        7
 Infestation              Necr           2%         N/A       100%        8
 Lehudib's Crystal Spear  Conj/Erth      2%         10d2      100%        8


Dungeon Overview and Level Annotations

Branches:
Dungeon (13/15)            Temple (0/1) D:6            Lair (5/5) D:8
  Swamp (0/4) Lair:3        Snake (0/4) Lair:3        Slime (0/5) Lair:4
    Orc (0/2) D:9          Vaults (0/5) D:13        Gauntlet (visited)

Altars:
Cheibriados
Fedhas
Kikubaaqudgha
Jiyva

Annotations:
D:4 3 runed translucent doors, Boltersam's ghost, amateur DsFi; Stick's ghost, amateur DsFi; gruber's ghost, amateur TeCj; wilfster70's ghost, amateur KoEn
D:9 exclusions: ice statue and obsidian statue
D:10 3 runed translucent doors, Vorhees's ghost, novice TrGl
Lair:3 exclusion: oklob plant


Innate Abilities, Weirdness & Mutations

You are partially covered in slimy green scales. (AC +2)
You may rarely emit foul miasma when damaged in melee.
Your magical and physical power is slightly enhanced at high health.
When hurt, damage is shared between your health and your magic reserves.
You regenerate magic rapidly.
Your touch may irresistibly damage your foes and sap their willpower.
Your magical capacity is low. (-10% MP)
You occasionally lose the ability to read scrolls when taking damage.


Message History

The seven-headed hydra barely misses you. x2
The seven-headed hydra closely misses you.
The seven-headed hydra barely misses you.
You hit the seven-headed hydra.
The seven-headed hydra is almost dead.
You feel sick.
You are no longer poisoned.
You block the seven-headed hydra's attack. x3
The seven-headed hydra bites you but does no damage.
The seven-headed hydra misses you.
You block the seven-headed hydra's attack.
The seven-headed hydra bites you.
* * * LOW HITPOINT WARNING * * *
You completely miss the seven-headed hydra.
The seven-headed hydra is almost dead.
The seven-headed hydra bites you but does no damage.
You block the seven-headed hydra's attack.
The seven-headed hydra bites you.
* * * LOW HITPOINT WARNING * * *
You block the seven-headed hydra's attack. x2
The seven-headed hydra bites you!
* * * LOW HITPOINT WARNING * * *
You block the seven-headed hydra's attack.
You barely miss the seven-headed hydra.
The seven-headed hydra is almost dead.
You block the seven-headed hydra's attack. x3
The seven-headed hydra bites you.
* * * LOW HITPOINT WARNING * * *
The seven-headed hydra completely misses you.
You block the seven-headed hydra's attack.
The seven-headed hydra bites you but does no damage.
You punch the seven-headed hydra!
The seven-headed hydra is almost dead.
You block the seven-headed hydra's attack.
The seven-headed hydra bites you but does no damage.
You block the seven-headed hydra's attack.
The seven-headed hydra bites you!
* * * LOW HITPOINT WARNING * * *
You emit a cloud of foul miasma!
The seven-headed hydra bites you!
You die...

≈≈≈≈≈..### ...
≈≈≈≈≈.PP#. .. .
≈≈≈≈....##.#...⌠
#≈≈≈.≈.........
#≈≈≈≈....#P....
###≈≈≈..<.#.....
##≈≈≈≈††..##..#..
#≈≈≈††D@..P.....#
#≈≈†≈≈†##.....PPP
≈≈≈≈≈≈.†#.........
≈≈≈≈≈≈..#.........
≈≈≈≈≈P.##......##.
≈≈≈≈≈≈.#..<....#
≈≈≈≈≈≈.#.......#
≈≈≈≈≈..##.........
≈≈≈≈P.# P.......##


You could see a seven-headed hydra.

Vanquished Creatures
  A minotaur (Gauntlet)
  A vault guard (D:13)
  Harold (D:9)
  A hell beast (Gauntlet)
  4 boulder beetles
  3 hydras
  Erolcha (D:11)
  3 centaur warriors (D:13)
  A tengu warrior (D:13)
  3 two-headed ogres
  3 death yaks
  Nergalle (D:11)
  A soul eater (Gauntlet)
  A glowing orange brain (shapeshifter) (D:12)
  A swamp dragon (Lair:3)
  An obsidian statue (Gauntlet)
  A lindwurm (Lair:3)
  A manticore (D:10)
  An ugly thing (D:12)
  A cyclops (D:11)
  A black mamba (Lair:1)
  A gargoyle (D:13)
  6 orange demons (D:13)
  12 cane toads
  A kobold demonologist (D:9)
  3 komodo dragons
  A rime drake (Lair:4)
  An efreet (D:13)
  A tengu conjurer (D:13)
  3 red devils (D:13)
  3 trolls
  3 hornets (Gauntlet)
  8 blink frogs
  15 slime creatures
  Grinder (D:3)
  4 dream sheep (Lair:4)
  2 jumping spiders (Lair:3)
  A centaur simulacrum (Gauntlet)
  46 yaks
  A shadow (D:10)
  A vampire (D:10)
  A wraith (D:13)
  Sigmund (D:5)
  4 wyverns
  A basilisk (D:7)
  A redback (Lair:3)
  5 vampire mosquitoes (Lair:5)
  4 nagas (Lair:3)
  3 acid dragons
  13 water moccasins
  A hydra simulacrum (Gauntlet)
  4 sky beasts
  5 orc warriors
  3 ice beasts
  2 ogres
  A swamp drake (D:9)
  11 wolves
  4 centaurs
  3 kobold brigands (D:9)
  14 bullfrogs
  4 gnoll sergeants
  5 necrophages
  6 scorpions
  A hornet simulacrum (Gauntlet)
  14 wights
  22 killer bees
  2 vampire bats (D:12)
  2 electric eels
  11 howler monkeys
  2 lava snakes (Lair:3)
  8 orc priests
  3 hounds
  2 gnoll boudas
  Jessica (D:2)
  2 iguanas
  Natasha (thrice) (D:2)
  8 orc wizards
  Robin (D:2)
  34 gnolls
  14 adders
  6 shadow imps
  6 white imps
  2 ufetubi
  4 worms
  4 dart slugs
  47 orcs
  2 bat skeletons (D:12)
  3 bat zombies (D:12)
  6 endoplasms
  3 giant cockroaches
  14 goblins
  11 hobgoblins
  5 jackals
  2 quokkas
  16 ball pythons
  4 bats
  2 frilled lizards
  27 kobolds
  3 rats
539 creatures vanquished.

Vanquished Creatures (others)
  A bush (Lair:3)
  19 fungi
  49 plants
  A withered plant (Gauntlet)
70 creatures vanquished.

Grand Total: 609 creatures vanquished

Notes
Turn   | Place    | Note
-------+----------+-------------------------------------------
     0 | D:1      | inmateoo the Demonspawn Gladiator began the quest for the
                  | Orb.
     0 | D:1      | Reached XP level 1. HP: 16/16 MP: 1/1
   188 | D:1      | Gained mutation: Your touch may inflict minor irresistible
                  | damage on your foes. [demonic ancestry]
   188 | D:1      | Reached XP level 2. HP: 22/22 MP: 2/2
   925 | D:1      | Gained mutation: You regenerate magic rapidly. [demonic
                  | ancestry]
   925 | D:1      | Reached XP level 3. HP: 28/28 MP: 3/3
   971 | D:2      | Noticed Robin
  1160 | D:1      | Reached skill level 1 in Armour
  1759 | D:2      | Killed Robin
  1851 | D:2      | Noticed Jessica
  1872 | D:2      | Gained mutation: When hurt, damage is shared between your
                  | health and your magic reserves. [demonic ancestry]
  1872 | D:2      | Reached XP level 4. HP: 21/35 MP: 4/4
  1882 | D:2      | Killed Jessica
  2181 | D:2      | Noticed Natasha
  2190 | D:2      | Killed Natasha
  2193 | D:2      | Gained mutation: You are partially covered in slimy green
                  | scales. (AC +2) [demonic ancestry]
  2193 | D:2      | Reached XP level 5. HP: 32/42 MP: 3/5
  2445 | D:2      | Noticed Natasha
  2450 | D:2      | Killed Natasha
  2466 | D:2      | Noticed Natasha
  2470 | D:2      | Killed Natasha
  2673 | D:2      | Found a faded altar of an unknown god.
  2941 | D:3      | Noticed Grinder
  2948 | D:3      | Paralysed by Grinder for 5 turns
  3177 | D:3      | Paralysed by Grinder for 5 turns
  3197 | D:3      | Killed Grinder
  3198 | D:3      | Reached XP level 6. HP: 35/49 MP: 6/6
  3539 | D:3      | Reached skill level 5 in Fighting
  3934 | D:4      | Noticed an ice beast
  3947 | D:3      | Killed an ice beast
  3948 | D:3      | Reached XP level 7. HP: 29/56 MP: 7/7
  4396 | D:4      | Found a snail-covered altar of Cheibriados.
  4406 | D:4      | Became a worshipper of Cheibriados the Contemplative
  4701 | D:4      | Reached * piety under Cheibriados
  4859 | D:4      | Found a runed translucent gate.
  4859 | D:4      | Found a runed translucent gate.
  4859 | D:4      | Found a runed translucent gate.
  4860 | D:4      | Noticed wilfster70's ghost (amateur KoEn)
  4860 | D:4      | Noticed Boltersam's ghost (amateur DsFi)
  4861 | D:4      | Noticed gruber's ghost (amateur TeCj)
  4861 | D:4      | Noticed Stick's ghost (amateur DsFi)
  4990 | D:4      | Reached skill level 1 in Invocations
  5221 | D:5      | Entered Level 5 of the Dungeon
  5433 | D:5      | Reached XP level 8. HP: 64/64 MP: 9/9
  5593 | D:5      | Noticed Sigmund
  5605 | D:5      | Identified the +0 tower shield "Yraur" {rF+ SInv}
  5607 | D:5      | Reached ** piety under Cheibriados
  5608 | D:5      | Reached skill level 5 in Dodging
  5608 | D:5      | Reached skill level 5 in Unarmed Combat
  5613 | D:5      | Killed Sigmund
  5728 | D:5      | Found a blossoming altar of Fedhas.
  6260 | D:6      | Reached XP level 9. HP: 64/72 MP: 12/12
  6313 | D:5      | Reached skill level 1 in Shields
  6982 | D:6      | Reached *** piety under Cheibriados
  7153 | D:6      | Found a staircase to the Ecumenical Temple.
  7601 | D:7      | Reached skill level 5 in Invocations
  8175 | D:7      | Reached skill level 5 in Armour
  8387 | D:8      | Found a staircase to the Lair.
  8419 | D:7      | HP: 3/75 [yak (6)]
  8767 | D:7      | Gained mutation: Your touch may inflict irresistible damage
                  | on your foes. [demonic ancestry]
  8767 | D:7      | Reached XP level 10. HP: 55/82 MP: 14/14
  9004 | D:7      | Reached **** piety under Cheibriados
  9730 | D:8      | Noticed a two-headed ogre
  9745 | D:8      | Killed a two-headed ogre
  9967 | D:8      | Reached ***** piety under Cheibriados
 10567 | D:9      | Reached skill level 10 in Fighting
 10592 | D:9      | Gained mutation: You may rarely emit foul miasma when
                  | damaged in melee. [demonic ancestry]
 10592 | D:9      | Reached XP level 11. HP: 87/90 MP: 16/16
 10712 | D:9      | Noticed an obsidian statue
 10735 | D:9      | Noticed Harold
 10753 | D:9      | Killed Harold
 11365 | D:9      | Found a staircase to the Orcish Mines.
 11368 | D:9      | Paralysed by an orc priest for 2 turns
 11607 | D:10     | Entered Level 10 of the Dungeon
 11607 | D:10     | Found a runed translucent gate.
 11607 | D:10     | Found a runed translucent gate.
 11607 | D:10     | Found a runed translucent gate.
 11643 | D:10     | Reached ****** piety under Cheibriados
 11729 | D:10     | Reached skill level 5 in Shields
 11807 | D:10     | Noticed a two-headed ogre
 11820 | D:10     | Killed a two-headed ogre
 12378 | D:10     | Noticed Vorhees's ghost (novice TrGl)
 12472 | D:10     | Learned a level 1 spell: Beastly Appendage
 12475 | D:10     | Learned a level 2 spell: Wereblood
 12679 | D:11     | Noticed Erolcha
 12692 | D:11     | Killed Erolcha
 12917 | D:11     | Identified the ring "Maibo" {rPois rC- Will+ AC+4 Stlth+}
 13016 | D:11     | Noticed Nergalle
 13031 | D:11     | Killed Nergalle
 13303 | D:12     | Reached skill level 10 in Invocations
 13315 | D:12     | Noticed a white ugly thing
 13332 | D:12     | Killed a white ugly thing
 13333 | D:12     | Reached XP level 12. HP: 50/97 MP: 10/19
 13794 | D:12     | Noticed a boulder beetle
 13808 | D:12     | Killed a boulder beetle
 14156 | D:12     | Identified the +1 leather armour of Boiling Hail {Dex+4}
 14220 | D:12     | Found an ancient bone altar of Kikubaaqudgha.
 14463 | D:13     | Noticed a centaur warrior
 14468 | D:13     | Killed a centaur warrior
 14534 | D:13     | Noticed an eight-headed hydra
 14697 | D:13     | Killed an eight-headed hydra
 14719 | D:13     | Noticed a tengu warrior
 14730 | D:13     | Killed a tengu warrior
 15251 | D:13     | Noticed a centaur warrior
 15257 | D:13     | Killed a centaur warrior
 15394 | D:13     | Reached skill level 10 in Dodging
 15525 | D:13     | Identified the +12 war axe of Inag {freeze, rN++ rCorr
                  | Dex+4 SInv}
 15538 | D:13     | Noticed a two-headed ogre
 15538 | D:13     | Noticed a centaur warrior
 15541 | D:13     | Noticed a boulder beetle
 15544 | D:13     | Reached skill level 10 in Unarmed Combat
 15544 | D:13     | Noticed a vault guard
 15572 | D:13     | Killed a vault guard
 15580 | D:13     | Killed a centaur warrior
 15581 | D:13     | Gained mutation: Your touch may irresistibly damage your
                  | foes and sap their willpower. [demonic ancestry]
 15581 | D:13     | Reached XP level 13. HP: 51/103 MP: 17/20
 15888 | D:13     | Found a gate to the Vaults.
 16113 | Lair:1   | Entered Level 1 of the Lair of Beasts
 16425 | Lair:1   | You fall into a shaft and drop 1 floor!
 16651 | Lair:2   | Reached skill level 1 in Spellcasting
 16651 | Lair:2   | Reached skill level 1 in Evocations
 16656 | Lair:2   | Reached skill level 1 in Transmutations
 18089 | Lair:3   | Found a gate leading to a gauntlet.
 18134 | Lair:3   | Found a staircase to the Snake Pit.
 18158 | Gauntlet | Entered a Gauntlet
 18158 | Gauntlet | Found a transporter.
 18170 | Gauntlet | Found a transporter.
 18171 | Gauntlet | Found a transporter.
 18175 | Gauntlet | Found a transporter.
 18178 | Gauntlet | Found a runed translucent door.
 18181 | Gauntlet | Found a transporter.
 18182 | Gauntlet | Found a transporter.
 18183 | Gauntlet | Found a transporter.
 18192 | Gauntlet | Found a transporter.
 18195 | Gauntlet | Found a transporter.
 18196 | Gauntlet | Found a transporter.
 18204 | Gauntlet | Found a transporter.
 18207 | Gauntlet | Found a transporter.
 18208 | Gauntlet | Found a transporter.
 18212 | Gauntlet | Found a runed translucent door.
 18212 | Gauntlet | Found a runed translucent door.
 18216 | Gauntlet | Found a transporter.
 18417 | Gauntlet | Identified the ring "Pugiurad" {rN+ Will+ Int+6}
 18559 | Gauntlet | Identified the +2 pair of gloves "Yckiekus" {rC- Int+4
                  | SInv}
 18835 | Gauntlet | Gained mutation: Your magical capacity is low. (-10% MP) [a
                  | neqoxec]
 18838 | Gauntlet | Gained mutation: You occasionally lose the ability to read
                  | scrolls when taking damage. [a neqoxec]
 19094 | Gauntlet | Identified the +6 trident of Cheibriados {protect, Dex+3}
 19094 | Gauntlet | Noticed a minotaur
 19111 | Gauntlet | Killed a minotaur
 19114 | Gauntlet | Identified the amulet of Xuasat {Faith Str+4 Dex+3 Stlth+}
 19482 | Lair:3   | Found a staircase to the Swamp.
 19543 | Lair:3   | Found a runed translucent door.
 19752 | Lair:3   | Identified the +7 whip "Qol Jyase" {pain, rF- rC+ rN++
                  | Will+}
 19754 | Lair:3   | Found a runed translucent gate.
 19754 | Lair:3   | Found a runed translucent gate.
 19754 | Lair:3   | Found a runed translucent gate.
 19754 | Lair:3   | Found a runed translucent gate.
 19754 | Lair:3   | Found a runed translucent gate.
 19755 | Lair:3   | Found a runed translucent gate.
 20656 | Lair:4   | Gained mutation: Your magical and physical power is
                  | slightly enhanced at high health. [demonic ancestry]
 20656 | Lair:4   | Reached XP level 14. HP: 100/110 MP: 19/19
 20689 | Lair:4   | Identified a scroll of acquirement
 20689 | Lair:4   | Acquired a manual of Fighting
 20717 | Lair:4   | Reached skill level 10 in Shields
 21445 | Lair:4   | Found a viscous altar of Jiyva.
 21449 | Lair:4   | Found a staircase to the Slime Pits.
 21500 | Lair:5   | Entered Level 5 of the Lair of Beasts
 21523 | Lair:5   | Slain by a seven-headed hydra

Illustrated notes

Levels and vault maps discovered:
D:1:      elethiomel_arrival_shortcut, layout_loops_corners, serial_forest,
          infiniplex_forest_clump_tiny, infiniplex_forest_clump_long,
          infiniplex_forest_split, infiniplex_forest_clump_C,
          infiniplex_forest_clump_curved, infiniplex_forest_clump_small,
          hangedman_decor_points
D:2:      layout_basic, hellmonk_ecumenical_altar_defaced_shrine,
          chequers_serial_rivers_micro_e, hex_large, uniq_robin, uniq_jessica,
          uniq_natasha
D:3:      layout_loops_ring, uniq_grinder
D:4:      minmay_skewed_foursquare, layout_loops_cross, lemuel_tele_altar,
          gammafunk_ghost_cemetery, minmay_misc_feat_chi, minmay_snake_closets
D:5:      layout_loops_cross, kennysheep_diamond, grunt_ministairs_10,
          uniq_sigmund
D:6:      layout_basic, minmay_temple_entry_overgrown, minmay_misc_feat_tiny,
          nicolae_elevator_lobby_plus
D:7:      layout_rooms
D:8:      minmay_evil_eye, layout_loops_ring, minmay_lair_entry_grove,
          minivault_23
D:9:      minmay_separated_statues, layout_basic, erik_orc_1, uniq_harold
D:10:     layout_gridville, gammafunk_ghost_necromancy
D:11:     layout_basic, due_unseen_surprise, uniq_erolcha, uniq_nergalle
D:12:     layout_cave_pools, kennysheep_vampire_church
D:13:     layout_roguey, david_vaults_5, minmay_beelzebubs_servants
Lair:1:   layout_layer_cave, serial_bayou_ford_a
Lair:2:   layout_chaotic_city, serial_bayou_shore_a
Lair:3:   gammafunk_indiana_jones, layout_hall_layers,
          minmay_swamp_entry_reptiles, minmay_snake_entry_guardpost_small,
          gauntlet_entry_generic, minmay_hedge_maze, lemuel_oklob_altar
Lair:4:   layout_cave_pods, dpeg_slime_entry_corner, lemuel_fruit_tree,
          grunt_megastairs_4
Lair:5:   minmay_lair_end_frog_pond, layout_loops_ring,
          dreamdust_deal_with_the_devil

Skill      XL: |  1  2  3  4  5  6  7  8  9 10 11 12 13 14 |
---------------+-------------------------------------------+-----
Dodging        | 3 4 5 6 8 10 | 10.0
Unarmed Combat | 3 4 5 6 8 10 11 | 11.4
Armour         | 1 2 3 4 5 6 |  6.0
Fighting       | 3 4 5 6 7 8 10 11 | 11.0
Invocations    | 2 4 5 7 10 | 10.0
Shields        | 2 4 6 8 9 10 | 10.0
Spellcasting   | 4 |  4.5
Evocations     | 4 |  4.9
Transmutations | 3 4 |  4.4
Throwing       | |  1.7

Action                   |  1- 3 |  4- 6 |  7- 9 | 10-12 | 13-15 || total
-------------------------+-------+-------+-------+-------+-------++-------
Melee: Unarmed           |   127 |   130 |   521 |   918 |   608 ||  2304
       Punch             |     2 |       |     8 |       |       ||    10
       Touch             |    20 |    31 |    38 |       |       ||    89
       Kick              |       |       |       |       |     2 ||     2
       Headbutt          |       |       |       |       |     2 ||     2
Throw: Throwing net      |       |     4 |       |       |     1 ||     5
 Cast: Beastly Appendage |       |       |       |       |     1 ||     1
Invok: Slouch            |       |       |       |     7 |     2 ||     9
Evoke: Wand              |       |       |     6 |    12 |     5 ||    23
  Use: Scroll            |     2 |    10 |     1 |     4 |     8 ||    25
       Potion            |       |       |       |       |     1 ||     1
 Stab: Invisible         |       |       |     2 |     6 |     4 ||    12
       Sleeping          |       |       |       |     4 |     7 ||    11
       Paralysed         |       |       |       |     6 |       ||     6
       Held in net/web   |       |       |       |       |     2 ||     2
       Distracted        |       |       |       |       |     1 ||     1
Armor: Leather armour    |    11 |       |       |       |       ||    11
       Ring mail         |    55 |    43 |   221 |   172 |       ||   491
       Acid dragon scale |       |       |       |    90 |   123 ||   213
Dodge: Dodged            |   101 |    63 |   306 |   533 |   356 ||  1359
Block: Tower shield      |       |       |   275 |  1077 |   891 ||  2243
       Reflection        |       |       |       |       |     8 ||     8

Table legend: (Time is in decaauts)
 A = Elapsed time spent in this place.
 B = Non-inter-level travel time spent in this place.
 C = Inter-level travel time spent in this place.
 D = Time resting spent in this place.
 E = Time spent auto-exploring this place.
 F = Levels seen in this place.
 G = Mean time per level.
                   A        B        C        D        E       F      G
               +--------+--------+--------+--------+--------+-----+--------+
         Total |  29594 |  28304 |   1290 |   7081 |  15336 |  19 | 1557.6 |
       Dungeon |  20826 |  19893 |    933 |   5720 |  10055 |  13 | 1602.0 |
          Lair |   7573 |   7216 |    357 |    773 |   5051 |   5 | 1514.6 |
      Gauntlet |   1194 |   1194 |      0 |    588 |    230 |   1 | 1194.0 |
               +--------+--------+--------+--------+--------+-----+--------+

Top non-repeatable levels by time:
  Lair:4: 2074 daAuts
    D:13: 2055 daAuts
     D:8: 2013 daAuts
  Lair:1: 1976 daAuts
  Lair:3: 1976 daAuts
     D:7: 1960 daAuts
     D:1: 1874 daAuts
     D:9: 1805 daAuts
    D:12: 1631 daAuts
     D:5: 1609 daAuts
    D:10: 1598 daAuts
  Lair:2: 1513 daAuts
     D:6: 1430 daAuts
     D:4: 1361 daAuts
    D:11: 1270 daAuts
